 Dungeon Crawl Stone Soup version 0.25.1-8-g42b30a86e7 (webtiles) character file.

Game seed: 1478125780181229048

8001 Gabide the Basher (level 11, 0/81 HPs)
             Began as a Human Abyssal Knight on Dec 1, 2020.
             Was a High Priest of Lugonu.
             Killed by refrigeration
             ... invoked by Fannar
              (29 damage)
             ... on level 10 of the Dungeon.
             The game lasted 00:34:00 (14500 turns).

Gabide the Basher (Human Abyssal Knight)           Turns: 14500, Time: 00:34:00

Health: 0/81       AC: 19    Str: 16    XL:     11   Next: 47%
Magic:  12/12      EV: 13    Int: 11    God:    Lugonu [*****.]
Gold:   533        SH:  5    Dex: 12    Spells: 10/10 levels left

rFire    . . .     SeeInvis .   a - +3 flail (vorpal)
rCold    . . .     Gourm    .   (no shield)
rNeg     + + +     Faith    .   o - +2 chain mail
rPois    .         Spirit   .   (helmet restricted)
rElec    .         Reflect  +   w - +1 cloak
rCorr    .         Harm     .   m - +0 pair of gloves
MR       ++...                  n - +1 pair of boots
Stlth    ..........             b - amulet of Cymeexap {Reflect rN+++ MR+ Int-2 Dex-2 SH+5}
HPRegen  0.23/turn              q - +4 ring of evasion
MPRegen  0.13/turn              e - ring of protection from magic

@: mighty, very slightly contaminated
A: horns 1, agile 1
a: Depart the Abyss, Bend Space, Banish, Corrupt, Enter the Abyss, Renounce
Religion


You were on level 10 of the Dungeon.
You worshipped Lugonu.
Lugonu was extremely pleased with you.
You were not hungry.

You visited 1 branch of the dungeon, and saw 10 of its levels.
You visited the Abyss 2 times.
You also visited: Sewer.

You collected 533 gold pieces.

Inventory:

Hand Weapons
 a - a +3 vorpal flail (weapon)
 f - a +3 flail of distortion
Missiles
 v - 63 poisoned darts (quivered)
Armour
 m - a +0 pair of gloves (worn)
 n - a +1 pair of boots (worn)
 o - a +2 chain mail (worn)
 w - a +1 cloak (worn)
Jewellery
 b - the amulet of Cymeexap (around neck) {Reflect rN+++ MR+ Int-2 Dex-2 SH+5}
   (You acquired it on level 5 of the Dungeon)

   [amulet of reflection]

   It shields you and reflects attacks.
   It affects your intelligence (-2).
   It affects your dexterity (-2).
   It renders you almost immune to negative energy.
   It affects your resistance to hostile enchantments.
   It affects your SH (+5).
 e - a ring of protection from magic (right hand)
 k - a +4 ring of protection
 q - a +4 ring of evasion (left hand)
 s - a +6 ring of dexterity
 y - a +6 ring of strength
Wands
 d - a wand of polymorph (17)
 B - a wand of digging (6)
Scrolls
 h - 2 scrolls of magic mapping
 j - 4 scrolls of identify
 r - a scroll of remove curse
 x - a scroll of amnesia
 C - a scroll of silence {unknown}
Potions
 g - a potion of flight
 l - 4 potions of brilliance
 p - a potion of cancellation
 z - 3 potions of heal wounds {unknown}
Comestibles
 c - 16 rations
 t - 2 chunks of flesh


   Skills:
 + Level 6.2 Fighting
   Level 7.1(9.7) Axes
 * Level 10.2(11.1) Maces & Flails
 + Level 8.4 Armour
 * Level 6.4 Dodging
 - Level 0.7 Stealth
 + Level 2.5 Invocations


You had 10 spell levels left.
You didn't know any spells.
Your spell library contained the following spells:

 Spells                   Type           Power        Failure   Level  Hunger
 Animate Skeleton         Necr           N/A          99%         1    ##.....
 Apportation              Tloc           #.....       99%         1    ##.....
 Corona                   Hex            #......      99%         1    ##.....
 Pain                     Necr           #...         99%         1    ##.....
 Summon Butterflies       Summ           #.......     99%         1    ##.....
 Ensorcelled Hibernation  Hex/Ice        #.....       100%        2    ###....
 Confusing Touch          Hex            #.......     100%        3    ####...
 Dazzling Flash           Conj/Hex       #.....       100%        3    ####...
 Lesser Beckoning         Tloc           #.........   100%        3    ####...
 Tukima's Dance           Hex            #.......     100%        3    ####...
 Vampiric Draining        Necr           #.........   100%        3    ####...
 Animate Dead             Necr           N/A          100%        4    #####..
 Agony                    Necr           #.......     100%        5    ######.
 Alistair's Intoxication  Tmut/Pois      #.......     100%        5    ######.
 Invisibility             Hex            #.......     100%        6    #######


Dungeon Overview and Level Annotations

Branches:
Dungeon (10/15)            Temple (0/1) D:7            Lair (0/6) D:10
    Orc (0/2) D:9           Sewer (visited)

Altars:
Ashenzari
Cheibriados
Elyvilon
Gozag
Okawaru
Qazlal
Ru

Annotations:
D:10 Fannar


Innate Abilities, Weirdness & Mutations

You have a pair of small horns on your head.
You are agile. (Dex +2)


Message History

You feel very cold.
Fannar is frozen.
Fannar resists.
You sock the ice beast!
The ice beast is heavily wounded.
You block the ice beast's attack.
Fannar mumbles some strange words.
Fannar drains the heat from the surrounding environment!
You feel very cold.
Fannar is frozen.
Fannar resists.
Okay, then.
Blink to where?
Press: ? - help, Dir - move target cursor, p - Fannar You are very lightly contaminated with residual magic.
As you read the scroll of blinking, it crumbles to dust.
You hit the ice beast.
The ice beast is severely wounded.
You thump the ice beast!
You kill the ice beast!
Fannar casts a spell.
Fannar drains the heat from the surrounding environment!
You feel very cold.
You die...

########### ##
#..((@e...#
#..
#.#######.#
#.# #.# #.#
#.# #.######
#.# #.##....
#.#####.(.)(.)
#.....#.)#..≈≈
#####...>....≈
###.(#.≈.≈


You could see Fannar (icy armour).

Vanquished Creatures
  An unseen horror (D:10)
  A cyclops (D:9)
  A troll (D:10)
  Grinder (D:3)
  A vampire (D:9)
  7 yaks
  A wyvern (D:9)
  A human (D:7)
  2 hogs (D:7)
  4 hungry ghosts
  Menkaure (D:5)
  A two-headed ogre zombie (D:9)
  2 orc warriors
  A sky beast (D:8)
  A black bear (D:7)
  4 phantoms
  3 wolves (D:10)
  A boggart (D:5)
  A centaur (D:10)
  3 ogres
  A crocodile (D:10)
  4 bullfrogs
  2 scorpions
  3 troll zombies (D:9)
  7 killer bees
  3 wights (D:6)
  7 howler monkeys
  2 electric eels (D:10)
  A crimson imp (D:8)
  A quasit (D:9)
  A bullfrog zombie (D:6)
  3 jellies
  7 hounds
  8 orc wizards
  4 orc priests
  A bullfrog skeleton (D:10)
  A gnoll shaman (D:9)
  2 iguanas (D:6)
  9 worker ants
  4 ogre zombies (D:9)
  A hound zombie (D:6)
  A hound skeleton (D:8)
  A mummy (D:9)
  A worker ant zombie (D:8)
  11 gnolls
  18 adders
  A shadow imp (D:8)
  6 oozes
  2 adder skeletons
  2 worms
  A dart slug (D:3)
  19 leopard geckos
  14 orcs
  18 giant cockroaches
  11 goblins
  10 hobgoblins
  6 jackals
  16 kobolds
  A quokka (D:2)
  8 ball pythons
  9 bats
  15 frilled lizards
  A goblin skeleton (D:9)
  3 goblin zombies (D:9)
  4 hobgoblin skeletons (D:9)
  4 hobgoblin zombies (D:9)
  3 orc skeletons (D:9)
  10 orc zombies (D:9)
  2 quokka skeletons (D:5)
  7 rats
315 creatures vanquished.

Vanquished Creatures (others)
  A centaur (D:6)
  A crimson imp (D:6)
  An orc priest (D:6)
  A hound (D:6)
  A worker ant (D:6)
  An adder (D:6)
6 creatures vanquished.

Grand Total: 321 creatures vanquished

Notes
Turn   | Place    | Note
-------+----------+-------------------------------------------
     0 | Abyss:1  | Gabide the Human Abyssal Knight began the quest for the
                  | Orb.
     0 | Abyss:1  | Reached XP level 1. HP: 18/18 MP: 2/2
    32 | Abyss:1  | Noticed a chaos spawn
    33 | D:1      | Escaped the Abyss
   138 | D:1      | Reached * piety under Lugonu
   385 | D:1      | Reached XP level 2. HP: 24/24 MP: 3/3
  1338 | D:1      | Reached XP level 3. HP: 29/29 MP: 4/4
  1939 | D:2      | Reached XP level 4. HP: 31/35 MP: 5/5
  2374 | D:2      | Reached ** piety under Lugonu
  3090 | D:3      | Reached XP level 5. HP: 35/41 MP: 6/6
  3246 | D:3      | Noticed Grinder
  3258 | D:3      | Paralysed by Grinder for 6 turns
  3272 | D:3      | Paralysed by Grinder for 6 turns
  3290 | D:3      | Paralysed by Grinder for 2 turns
  3293 | D:3      | Killed Grinder
  3293 | D:3      | Reached XP level 6. HP: 30/48 MP: 7/7
  4328 | D:4      | Noticed an ogre
  4340 | D:4      | Killed an ogre
  4340 | D:4      | Reached skill level 5 in Axes
  4340 | D:4      | Reached XP level 7. HP: 18/53 MP: 8/8
  4683 | D:4      | Found an opulent altar of Gozag.
  5610 | D:5      | Entered Level 5 of the Dungeon
  5610 | D:5      | Found a glowing drain.
  5610 | D:5      | Noticed Edmund
  5612 | D:5      | Noticed Edmund
  5612 | D:5      | Edmund changed into Edmund the boggart
  5614 | D:5      | Cast into level 1 of the Abyss (Edmund)
  5615 | D:5      | Escaped the Abyss
  5621 | Sewer    | Entered a sewer
  6191 | Sewer    | Reached *** piety under Lugonu
  6409 | Sewer    | Reached XP level 8. HP: 46/60 MP: 9/9
  6902 | D:5      | Found a sacrificial altar of Ru.
  7300 | D:5      | Noticed Menkaure
  7323 | D:5      | Killed Menkaure
  7323 | D:5      | Reached skill level 5 in Armour
  7601 | D:5      | HP: 3/61 [poisoned by a worker ant]
  7605 | D:5      | Gained mutation: You have a pair of small horns on your
                  | head. [potion of mutation]
  7605 | D:5      | Gained mutation: You are agile. (Dex +2) [potion of
                  | mutation]
  7606 | D:5      | Identified a scroll of acquirement
  7606 | D:5      | Acquired the amulet of Cymeexap {Reflect rN+++ MR+ Int-2
                  | Dex-2 SH+5}
  7607 | D:5      | HP: 2/61 [poisoned by a worker ant]
  7612 | D:5      | HP: 2/61 [poisoned by a worker ant]
  7620 | D:5      | Killed Edmund the boggart
  7621 | D:5      | HP: 1/61 [poisoned by a worker ant]
  8273 | D:6      | Found a shattered altar of Ashenzari.
  8317 | D:6      | Reached skill level 1 in Maces & Flails
  8378 | D:6      | Reached XP level 9. HP: 47/66 MP: 10/10
  8382 | D:6      | Reached skill level 2 in Maces & Flails
  8410 | D:6      | Reached **** piety under Lugonu
  8410 | D:6      | Reached skill level 3 in Maces & Flails
  8938 | D:6      | Reached skill level 4 in Maces & Flails
  9229 | D:7      | Found a staircase to the Ecumenical Temple.
  9550 | D:7      | Reached skill level 5 in Maces & Flails
  9637 | D:7      | Found an iron altar of Okawaru.
 10006 | D:7      | Reached skill level 5 in Fighting
 10020 | D:7      | Reached skill level 6 in Maces & Flails
 10024 | D:7      | HP: 3/68 [hog (6)]
 10065 | D:8      | Reached XP level 10. HP: 10/74 MP: 11/11
 10720 | D:8      | Reached skill level 5 in Dodging
 11162 | D:8      | Found a white marble altar of Elyvilon.
 11373 | D:8      | Reached skill level 7 in Maces & Flails
 12127 | D:9      | Reached ***** piety under Lugonu
 12360 | D:9      | Found a snail-covered altar of Cheibriados.
 12401 | D:9      | Found a stormy altar of Qazlal.
 12447 | D:9      | Reached skill level 8 in Maces & Flails
 12506 | D:9      | Found a staircase to the Orcish Mines.
 12796 | D:9      | Noticed a cyclops
 12805 | D:9      | Killed a cyclops
 12805 | D:9      | Reached XP level 11. HP: 54/81 MP: 12/12
 13131 | D:9      | Reached skill level 9 in Maces & Flails
 13807 | D:10     | Entered Level 10 of the Dungeon
 13821 | D:10     | Killed an unseen horror
 13949 | D:10     | Reached skill level 10 in Maces & Flails
 14409 | D:10     | Found a staircase to the Lair.
 14482 | D:10     | Noticed Fannar
 14500 | D:10     | Killed from afar by Fannar

Illustrated notes

Levels and vault maps discovered:
D:1:      dpeg_arrival_court, layout_basic, skrybe_limestone_x
D:2:      layout_basic, first_ration
D:3:      minmay_diamond_boxcup, layout_loops_corners, uniq_grinder
D:4:      layout_layer_cave, grunt_gozag_statues
D:5:      layout_basic, nicolae_ru_great_annihilating_truth,
          cheibrodos_sewer_entry_drain, uniq_edmund, uniq_menkaure
D:6:      layout_rooms, ashenzari_conservatory_becter
D:7:      layout_loops_ring, nicolae_overflow_crystal_walls,
          minmay_temple_entry_wispy, dk_noncrumbling_2, grunt_livestock
D:8:      layout_basic, elyvilon_altar_3
D:9:      layout_gridville, slow_altar_2, old_standard_altar, zombieorc2_lemuel,
          enter_bailey_3, kennysheep_small_circle
D:10:     layout_loops_ring, erik_lair_island, serial_shops, shop_fountains,
          uniq_harold, uniq_fannar

Skill      XL: |  1  2  3  4  5  6  7  8  9 10 11 |
---------------+----------------------------------+-----
Axes           | 3 4 5 6 7 |  7.1
Armour         | 3 4 5 6 8 |  8.4
Dodging        | 2 3 4 5 6 |  6.4
Fighting       | 4 5 6 |  6.2
Maces & Flails | 1 6 8 10 | 10.2
Stealth        | |  0.7
Invocations    | |  2.5

Action                   |  1- 3 |  4- 6 |  7- 9 | 10-12 || total
-------------------------+-------+-------+-------+-------++-------
Melee: Hand axe          |   119 |   214 |   369 |       ||   702
       Flail             |       |       |   177 |   518 ||   695
       Headbutt          |       |       |    44 |    88 ||   132
       Unarmed           |       |       |     7 |       ||     7
Throw: Dart              |       |       |    17 |    19 ||    36
Invok: Depart the Abyss  |     1 |       |     1 |       ||     2
       Bend Space        |       |       |     4 |       ||     4
Evoke: Wand              |       |       |     2 |       ||     2
  Use: Scroll            |     6 |     3 |    17 |     8 ||    34
       Potion            |     1 |     3 |     5 |     2 ||    11
 Stab: Sleeping          |     1 |       |       |       ||     1
       Paralysed         |       |       |     2 |       ||     2
       Confused          |       |       |     1 |       ||     1
       Invisible         |       |       |     1 |       ||     1
       Distracted        |       |       |       |     1 ||     1
  Eat: Chunk             |     2 |     9 |     9 |    16 ||    36
       Ration            |       |       |     3 |     3 ||     6
Armor: Leather armour    |    20 |       |       |       ||    20
       Ring mail         |    26 |   104 |       |       ||   130
       Skin              |       |     6 |       |       ||     6
       Chain mail        |       |     1 |   358 |   243 ||   602
Dodge: Dodged            |    89 |   136 |   227 |   275 ||   727
Block: Other             |       |       |    33 |   101 ||   134
       Reflection        |       |       |       |     3 ||     3
